AoeStats
← Hekyro🖤.-

Nomad

509656819Analyzed
2v2 RM · 3d ago on Sep 27, 2026· 45m 14s· 4 players
Game mode
Random Map
Map size
176×176
Population
200
Speed
Normal
Resources
Standard
Victory
Conquest
Starting age
Dark Age
Ending age
Imperial Age
RankedLock teamsTeams togetherTeam positionsShared explorationLock speedFull tech treeHidden civsTurbo modeCheats
Victory
Defeat
🇵🇪 Bohemians · Peru
1168
+14
🇵🇪 Franks · Peru
1118
+17
🇷🇪 Varangians · Réunion
1146
-16
🇹🇼 Berbers · Taiwan
1119
-15
ilovemytiti
7:21 Loom
13:41 Feudal Age
14:41 Double-Bit Axe
17:07 Fishing Lines
22:14 Castle Age
20:29 Bloodlines
20:42 Gold Mining
22:37 Scale Barding Armor
22:43 Forging
26:26 Wheelbarrow
26:35 Husbandry
26:38 Gillnets
29:18 Bow Saw
33:12 Fletching
35:13 Squires
36:22 Hand Cart
36:17 Squires
39:01 Stone Mining
39:53 Horse Collar
40:40 Medium Warships
43:36 Imperial Age
41:29 Scale Mail Armor
42:50 Chain Barding Armor
Andre114514
6:31 Loom
13:33 Feudal Age
18:45 Castle Age
20:42 Fletching
21:35 Town Watch
22:06 Bodkin Arrow
28:49 Wheelbarrow
35:59 Imperial Age
33:51 Hand Cart
34:42 Double-Bit Axe
36:08 Bow Saw
37:13 Ballistics
38:36 Bracer
39:36 Husbandry
40:27 Bloodlines
41:51 Chemistry
41:58 Padded Archer Armor
Sargento Pimienta
3:50 Loom
13:08 Feudal Age
13:54 Double-Bit Axe
16:34 Gold Mining
17:19 Forging
19:36 Scale Barding Armor
22:31 Castle Age
22:36 Light Cavalry
23:52 Iron Casting
24:08 Bow Saw
24:46 Town Watch
24:50 Pikeman
25:50 Scale Mail Armor
26:40 Wheelbarrow
30:56 Chain Mail Armor
32:05 Hand Cart
33:15 Gold Shaft Mining
33:58 Stone Mining
34:58 Chain Barding Armor
39:16 Imperial Age
36:47 Town Patrol
37:33 Husbandry
37:44 Fletching
38:16 Ballistics
38:02 Elite Skirmisher
38:50 Bodkin Arrow
38:58 Treadmill Crane
39:36 Padded Archer Armor
41:19 Chemistry
40:47 Cavalier
43:53 Blast Furnace
45:03 Plate Barding Armor
Hekyro🖤.-
4:45 Loom
15:42 Feudal Age
19:53 Castle Age
18:52 Wheelbarrow
18:43 Fletching
26:13 Fervor
26:23 Sanctity
27:26 Double-Bit Axe
33:16 Wagenburg Tactics
35:02 Hand Cart
35:56 Bodkin Arrow
38:46 Imperial Age
36:59 Bow Saw
36:34 Horse Collar
38:33 Hand Cart
39:55 Chemistry
42:21 Conscription
Connection lost

Rejoining the realm…

Still unreachable

The connection could not be restored.

Session expired

The server has moved on; the page needs a fresh start.